 Dungeon Crawl Stone Soup version 0.28-a0-1524-ge72afd5fc6 (webtiles) character file.

Game seed: 10781422234484366777

2002 HallandMoats the Skirmisher (level 9, -12/79 HPs)
             Began as a Ghoul Fighter on Jan 18, 2022.
             Was a Priest of Cheibriados.
             Mangled by a large slime creature (25 damage)
             ... on level 7 of the Dungeon.
             The game lasted 00:14:47 (6517 turns).

HallandMoats the Skirmisher (Ghoul Fighter)         Turns: 6517, Time: 00:14:48

Health: -12/79     AC: 10    Str: 26    XL:     9   Next: 22%
Magic:  3/11       EV:  9    Int: 13    God:    Cheibriados [***...]
Gold:   303        SH:  6    Dex: 18    Spells: 8/8 levels left

rFire   . . .      SeeInvis .   a - +3 short sword (venom)
rCold   + . .      Faith    .   c - +1 buckler
rNeg    + + +      Spirit   .   j - +0 chain mail
rPois   ∞          Reflect  .   m - +0 hat of the Hurricane {rN++ rCorr Str-2 Stlth+}
rElec   .          Harm     .   (no cloak)
rCorr   +          Rampage  .   (no gloves)
Will    .....                   o - +0 pair of boots
Stlth   ..........              l - amulet of the acrobat
HPRegen 0.00/turn               (no ring)
MPRegen 0.12/turn               (no ring)

@: weak-willed, inhibited regen, very slow
A: claws 1, cold resistance 1, negative energy resistance 3, inhibited
regeneration, torment resistance 2
a: Renounce Religion, Bend Time, Temporal Distortion


You were on level 7 of the Dungeon.
You worshipped Cheibriados.
Cheibriados was most pleased with you.
You visited 1 branch of the dungeon, and saw 7 of its levels.

You collected 350 gold pieces.
You spent 47 gold pieces at shops.

Inventory:

Hand Weapons
 a - a +3 short sword of venom (weapon)
 b - a +0 hunting sling of freezing
 w - a +0 war axe
Missiles
 u - 15 sling bullets
 v - 179 stones (quivered)
Armour
 c - a +1 buckler (worn)
 j - a +0 chain mail (worn)
 m - the +0 hat of the Hurricane (worn) {rN++ rCorr Str-2 Stlth+}
   (You found it on level 3 of the Dungeon)

   Str:       It affects your strength (-2).
   rN:        It greatly protects you from negative energy.
   rCorr:     It protects you from acid and corrosion.
   Stlth:     It makes you more stealthy.
 o - a +0 pair of boots (worn)
Jewellery
 l - an amulet of the acrobat (around neck)
Wands
 C - a wand of flame (5)
Scrolls
 e - 5 scrolls of identify
 g - a scroll of immolation
 q - 2 scrolls of enchant armour
 r - a scroll of vulnerability
 s - a scroll of acquirement
Potions
 d - 2 potions of might
 h - 3 potions of flight {unknown}
 i - a potion of mutation
 k - a potion of haste {unknown}
 t - a potion of brilliance {unknown}
 z - a potion of cancellation
 A - a potion of lignification {unknown}
 B - a potion of curing


   Skills:
 * Level 7.0 Fighting
 * Level 5.3 Axes
 * Level 2.6 Slings
 + Level 4.3 Armour
 + Level 3.3 Dodging
 - Level 4.0 Shields
 * Level 5.2 Invocations


You had 8 spell levels left.
You didn't know any spells.
Your spell library contained the following spells:

 Spells                   Type           Power      Damage    Failure   Level
 Apportation              Tloc           0%         N/A       94%         1
 Confusing Touch          Hex            0%         N/A       100%        3
 Alistair's Intoxication  Tmut/Pois      0%         N/A       100%        5
 Fireball                 Conj/Fire      0%         3d3       100%        5
 Yara's Violent Unravell  Hex/Tmut       0%         3d3       100%        5
 Starburst                Conj/Fire      0%         6d3       100%        6
 Enfeeble                 Hex            0%         N/A       100%        7
 Ignition                 Fire           0%         3d3       100%        8


Dungeon Overview and Level Annotations

Branches:
Dungeon (7/15)             Temple (0/1) D:5

Altars:
Cheibriados

Shops:
D:4 (


Innate Abilities, Weirdness & Mutations

You thrive by killing the living.
You are immune to poison.
You have sharp fingernails.
Your flesh is cold resistant. (rC+)
You are immune to negative energy. (rN+++)
You do not regenerate when monsters are visible.
You are immune to unholy pain and torment.


Message History

There is an open door here.
As you read the scroll labelled XITEIH TUEFA, it crumbles to dust.
The creatures around you are filled with an inner flame!
It was a scroll of immolation.
The slime creature hits you!
Two slime creatures merge to form a very large slime creature.
As you read the scroll labelled YLORYK LIADYJ, it crumbles to dust.
You feel aware of your surroundings.
It was a scroll of magic mapping.
A very large slime creature splits.
As you read the scroll labelled OLAEQU HULE, it crumbles to dust.
It is a scroll of amnesia.
You feel forgetful for a moment.
You block the large slime creature's attack.
The slime creature hits you but does no damage.
As you read the scroll labelled ORUEZI LYOHOYT, it crumbles to dust.
Magic quickly surges around you.
It was a scroll of vulnerability.
The large slime creature hits you!
* * * LOW HITPOINT WARNING * * *
The slime creature hits you!
* * * LOW HITPOINT WARNING * * *
This is a scroll of acquirement!
Something appears at your feet! The large slime creature hits you!
* * * LOW HITPOINT WARNING * * *
The slime creature hits you but does no damage.
Unknown command.
As you read the scroll labelled LAYSTIRPHOB, it crumbles to dust.
You feel a surge of unholy energy.
The slime creature convulses!
Flame seeps out of the slime creature.
The large slime creature convulses!
Flame seeps out of the large slime creature.
It was a scroll of torment.
The large slime creature is engulfed in blazing flames.
Flame seeps out of the large slime creature.
The large slime creature hits you but does no damage.
The slime creature is engulfed in blazing flames.
Flame seeps out of the slime creature.
You block the slime creature's attack.
Okay, then.
You feel better.
The large slime creature is engulfed in blazing flames.
Flame seeps out of the large slime creature.
The large slime creature hits you!!
You die...

#.....#..).[......#,,,,,,,,,,*
#....###.##..###..#,,,,,,,,,,**
####'###.##..###..########,,,,*
#....†).............)....#,,,,*
#..................)#....#,,,,*
#...####....####..####..##,,,,**#
####***#########..####..######...
*,,,,,,,.....................+...
*,,,,,,,........@J...........#...
***,****+##+#####J####)####+##...
,,*,**,,......................#**
,,*,,*,,......................#
,,*,,*,,......................#
,,*,,*,,......................#
,,*+**,,......................#
*,,,,,,,###########'###########
+,,,,,,,*,,,...............,*


You could see a large slime creature (inner flame, weak-willed) and a slime
creature (inner flame, weak-willed).

Vanquished Creatures
  Prince Ribbit (D:5)
  2 orc warriors
  Duvessa (D:6)
  A black bear (D:7)
  A sky beast (D:7)
  A centaur (D:5)
  2 bullfrogs (D:5)
  A scorpion (D:4)
  A water moccasin zombie (D:6)
  Dowan (D:6)
  A water moccasin skeleton (D:5)
  A howler monkey (D:6)
  A hound (D:5)
  2 bullfrog zombies (D:5)
  A centaur skeleton (D:5)
  A gnoll shaman (D:6)
  2 orc priests
  2 bullfrog skeletons
  2 iguanas
  11 orc wizards
  2 hound skeletons (D:4)
  3 gnolls (D:6)
  5 adders
  An adder skeleton (D:4)
  A worm (D:2)
  9 dart slugs (D:3)
  24 orcs
  9 ball pythons
  8 endoplasms
  4 giant cockroaches
  6 goblins
  13 hobgoblins
  2 jackals (D:1)
  14 kobolds
  10 quokkas
  5 bats
  2 frilled lizards
  A quokka skeleton (D:2)
  10 rats
165 creatures vanquished.

Vanquished Creatures (others)
  A fungus (D:1)
  2 plants
3 creatures vanquished.

Grand Total: 168 creatures vanquished

Notes
Turn   | Place    | Note
-------+----------+-------------------------------------------
     0 | D:1      | HallandMoats the Ghoul Fighter began the quest for the Orb.
     0 | D:1      | Reached XP level 1. HP: 19/19 MP: 0/0
   137 | D:1      | Reached XP level 2. HP: 22/26 MP: 1/1
   487 | D:1      | Reached XP level 3. HP: 33/33 MP: 2/2
   522 | D:1      | Found a faded altar of an unknown god.
   527 | D:1      | Prayed at the altar of an unknown god.
   527 | D:1      | Became a worshipper of Cheibriados the Contemplative
   527 | D:1      | Reached * piety under Cheibriados
   942 | D:2      | Reached ** piety under Cheibriados
  1069 | D:2      | Reached skill level 4 in Fighting
  1069 | D:2      | Reached skill level 1 in Dodging
  1074 | D:2      | Reached XP level 4. HP: 40/40 MP: 3/3
  1629 | D:3      | Reached *** piety under Cheibriados
  1765 | D:3      | Reached XP level 5. HP: 46/46 MP: 4/4
  1820 | D:3      | Identified the +0 hat of the Hurricane {rN++ rCorr Str-2
                  | Stlth+}
  2417 | D:4      | Found Oclisutz's Weapon Emporium.
  2474 | D:4      | HP: 1/47 [orc priest/divine providence (11)]
  2482 | D:4      | Reached skill level 1 in Invocations
  2482 | D:4      | Reached **** piety under Cheibriados
  2489 | D:4      | Reached XP level 6. HP: 13/53 MP: 4/6
  3388 | D:5      | Entered Level 5 of the Dungeon
  3394 | D:5      | Reached skill level 5 in Fighting
  3440 | D:5      | Reached XP level 7. HP: 51/61 MP: 7/7
  3527 | D:5      | Noticed Prince Ribbit
  3539 | D:5      | Killed Prince Ribbit
  3571 | D:5      | Reached XP level 8. HP: 32/70 MP: 9/9
  3846 | D:4      | Bought a +0 hunting sling of freezing for 47 gold pieces
  4441 | D:5      | Found a staircase to the Ecumenical Temple.
  4483 | D:5      | Reached skill level 6 in Fighting
  4696 | D:6      | Noticed Dowan
  4696 | D:6      | Noticed Duvessa
  4709 | D:6      | Killed Duvessa
  4724 | D:6      | Killed Dowan
  4725 | D:6      | Reached skill level 1 in Slings
  5284 | D:6      | Reached skill level 5 in Axes
  5874 | D:6      | Reached XP level 9. HP: 72/78 MP: 11/11
  6146 | D:7      | Reached skill level 5 in Invocations
  6310 | D:7      | Reached skill level 7 in Fighting
  6515 | D:7      | Identified 2 scrolls of acquirement
  6515 | D:7      | Acquired a +2 vampiric executioner's axe
  6517 | D:7      | Mangled by a large slime creature

Illustrated notes

Levels and vault maps discovered:
D:1:      dpeg_arrival_rooms_with_view, layout_rooms,
          shapermc_ecumenical_altar_petra, hangedman_decor_push
D:2:      layout_loops_ring
D:3:      kennysheep_slugbush, layout_rooms, roderic_serpentine_path,
          hangedman_decor_clover_reticule, minmay_pentomino_pile
D:4:      layout_loops_ring, serial_shops, nicolae_take_the_stairs,
          serial_bayou_lagoon_a, amethyst_killhole
D:5:      layout_rooms, temple_doors_e, uniq_prince_ribbit1
D:6:      layout_loops_ring, grunt_ministairs_3, grunt_decor_arrowhead,
          uniq_duvessa
D:7:      layout_gridville, uniq_pikel, uniq_harold

Skill      XL: |  1  2  3  4  5  6  7  8  9 |
---------------+----------------------------+-----
Axes           | 2 3 4 5 |  5.3
Fighting       | 4 5 6 7 |  7.0
Dodging        | 1 2 3 |  3.3
Shields        | 3 4 |  4.0
Armour         | 3 4 |  4.3
Invocations    | 1 2 3 4 5 |  5.2
Slings         | 2 |  2.6

Action                   |  1- 3 |  4- 6 |  7- 9 || total
-------------------------+-------+-------+-------++-------
Melee: War axe           |   141 |   196 |    54 ||   391
       Short sword       |       |       |    23 ||    23
 Fire: Hunting sling     |       |       |   204 ||   204
Invok: Slouch            |       |       |     3 ||     3
       Bend Time         |       |       |     2 ||     2
  Use: Potion            |       |     7 |     3 ||    10
       Scroll            |       |       |     9 ||     9
Armor: Scale mail        |    73 |     5 |       ||    78
       Chain mail        |       |   105 |    85 ||   190
Dodge: Dodged            |    72 |   107 |    96 ||   275
Block: Buckler           |    41 |    70 |    60 ||   171

Table legend: (Time is in decaauts)
 A = Elapsed time spent in this place.
 B = Non-inter-level travel time spent in this place.
 C = Inter-level travel time spent in this place.
 D = Time resting spent in this place.
 E = Time spent auto-exploring this place.
 F = Levels seen in this place.
 G = Mean time per level.
                   A        B        C        D        E       F      G
               +--------+--------+--------+--------+--------+-----+--------+
         Total |   9117 |   8159 |    958 |    569 |   5825 |   7 | 1302.4 |
       Dungeon |   9117 |   8159 |    958 |    569 |   5825 |   7 | 1302.4 |
               +--------+--------+--------+--------+--------+-----+--------+

Top non-repeatable levels by time:
     D:4: 1854 daAuts
     D:6: 1678 daAuts
     D:5: 1379 daAuts
     D:3: 1350 daAuts
     D:2: 1162 daAuts
     D:1: 1122 daAuts
     D:7: 568 daAuts
